| TOP OF THE 1ST |
|
San Diego Padres batting - Pitching for Milwaukee Brewers : RHP Travis Southern
|
|
Pitching: RHP Travis Southern
|
|
|
Batting: RHB Hildo Pot
|
0-0: Ball 1-0: Ball 2-0: Called Strike 2-1: Ball 3-1: Base on Balls
|
|
Batting: SHB Phil Zacharia
|
0-0: SINGLE (Groundball, 6S, EV 61.2 MPH) (infield hit) Hildo Pot to second
|
|
Batting: RHB Manny Vergara
|
0-0: Ball 1-0: Called Strike 1-1: Ball 2-1: Called Strike 2-2: Foul Ball, location: 2F 2-2: Ball 3-2: Strikes out looking
|
|
Batting: LHB Mike Holt
|
0-0: Ball 1-0: Ball 2-0: Ball 3-0: Called Strike 3-1: Base on Balls Hildo Pot to third Phil Zacharia to second
|
|
Batting: RHB Hugo Bautista
|
0-0: DOUBLE (Line Drive, 9LM, EV 102.5 MPH) Hildo Pot scores Phil Zacharia scores Mike Holt to third
|
|
Batting: RHB Luis Torres
|
0-0: Swinging Strike 0-1: Ball 1-1: Foul Ball, location: 2F 1-2: SINGLE (Groundball, 34S, EV 75.0 MPH) (infield hit)
|
|
Batting: LHB Aaron LeBlanc
|
0-0: Fly out, F7 (Flyball, 7D, EV 101.2 MPH) Runner from 3rd tags up, SCORES, throw by LF Hugo Bautista to third
|
|
Batting: RHB Kaeo Zirpoli
|
0-0: Called Strike 0-1: Ball 1-1: Foul Ball, location: 2F 1-2: Ball 2-2: Foul Ball, location: 2F 2-2: Ball 3-2: Base on Balls Luis Torres to second
|
|
Batting: RHB Elijah Campbell
|
0-0: Swinging Strike 0-1: Foul Ball, location: 2F 0-2: Strikes out swinging
|
| Top of the 1st over - 3 runs, 3 hits, 0 errors, 3 left on base; San Diego 3 - Milwaukee 0 |
| BOTTOM OF THE 1ST |
|
Milwaukee Brewers batting - Pitching for San Diego Padres : LHP Gerardo Amendoeira
|
|
Pitching: LHP Gerardo Amendoeira
|
|
|
Batting: RHB Akitada Nishizawa
|
0-0: Ball 1-0: Ball 2-0: Foul Ball, location: 2F 2-1: Swinging Strike 2-2: Ground out 2-3 (Groundball, 15S, EV 63.8 MPH)
|
|
Batting: RHB Adrian Rudkilde
|
0-0: Called Strike 0-1: Called Strike 0-2: Foul Ball, location: 2F 0-2: Strikes out swinging
|
|
Batting: SHB Lewis Thorpe Jr.
|
0-0: Ball 1-0: Foul Ball, location: 2F 1-1: Foul Ball, location: 2F 1-2: Ground out 4-3 (Groundball, 4, EV 88.1 MPH)
|
| Bottom of the 1st over - 0 runs, 0 hits, 0 errors, 0 left on base; San Diego 3 - Milwaukee 0 |
| TOP OF THE 2ND |
|
San Diego Padres batting - Pitching for Milwaukee Brewers : RHP Travis Southern
|
|
Batting: RHB Hildo Pot
|
0-0: Fly out, F9 (Flyball, 9LM, EV 102.5 MPH)
|
|
Batting: SHB Phil Zacharia
|
0-0: Ball 1-0: Foul Ball, location: 2F 1-1: Ball 2-1: Ball 3-1: Foul Ball, location: 2F 3-2: Ground out 1-3 (Groundball, 34S, EV 71.2 MPH)
|
|
Batting: RHB Manny Vergara
|
0-0: Ball 1-0: Ball 2-0: SINGLE (Groundball, 56D, EV 96.9 MPH)
|
|
Batting: LHB Mike Holt
|
0-0: Ball 1-0: Called Strike 1-1: Ball 2-1: Swinging Strike 2-2: Strikes out swinging
|
| Top of the 2nd over - 0 runs, 1 hit, 0 errors, 1 left on base; San Diego 3 - Milwaukee 0 |
| BOTTOM OF THE 2ND |
|
Milwaukee Brewers batting - Pitching for San Diego Padres : LHP Gerardo Amendoeira
|
|
Batting: SHB Junzo Kato
|
0-0: Ball 1-0: Ground out 4-3 (Groundball, 4, EV 93.1 MPH)
|
|
Batting: RHB Dave Gonzalez
|
0-0: Ball 1-0: Called Strike 1-1: Ball 2-1: DOUBLE (Line Drive, 7LM, EV 104.4 MPH)
|
|
Batting: RHB Daniel Donovan
|
0-0: Swinging Strike 0-1: Called Strike 0-2: Strikes out looking
|
|
Batting: RHB Ryan Neal
|
0-0: Swinging Strike 0-1: SINGLE (Line Drive, 7S, EV 93.8 MPH) Dave Gonzalez to third Runner from 3rd tries for Home, SAFE, throw by LF to home
|
|
Batting: RHB Noah Stanley
|
0-0: Ball 1-0: Ball Ryan Neal steals 2nd base 2-0: Fly out, F9 (Line Drive, 89S, EV 93.8 MPH)
|
| Bottom of the 2nd over - 1 run, 2 hits, 0 errors, 1 left on base; San Diego 3 - Milwaukee 1 |
| TOP OF THE 3RD |
|
San Diego Padres batting - Pitching for Milwaukee Brewers : RHP Travis Southern
|
|
Batting: RHB Hugo Bautista
|
0-0: Called Strike 0-1: Ball 1-1: Fly out, F8 (Flyball, 8LD, EV 91.9 MPH)
|
|
Batting: RHB Luis Torres
|
0-0: Called Strike 0-1: Ball 1-1: Ball 2-1: Ball 3-1: Called Strike 3-2: Foul Ball, location: 2F 3-2: Strikes out looking
|
|
Batting: LHB Aaron LeBlanc
|
0-0: Called Strike 0-1: Fly out, F9 (Flyball, 89S, EV 89.4 MPH)
|
| Top of the 3rd over - 0 runs, 0 hits, 0 errors, 0 left on base; San Diego 3 - Milwaukee 1 |
| BOTTOM OF THE 3RD |
|
Milwaukee Brewers batting - Pitching for San Diego Padres : LHP Gerardo Amendoeira
|
|
Batting: RHB Ben Campbell
|
0-0: Ground out U3 (Groundball, 3, EV 101.2 MPH)
|
|
Batting: RHB Akitada Nishizawa
|
0-0: Ground out 6-3 (Groundball, 6, EV 86.2 MPH)
|
|
Batting: RHB Adrian Rudkilde
|
0-0: Ball 1-0: Ball 2-0: Fly out, F7 (Flyball, 78M, EV 91.2 MPH)
|
| Bottom of the 3rd over - 0 runs, 0 hits, 0 errors, 0 left on base; San Diego 3 - Milwaukee 1 |
| TOP OF THE 4TH |
|
San Diego Padres batting - Pitching for Milwaukee Brewers : RHP Travis Southern
|
|
Batting: RHB Kaeo Zirpoli
|
0-0: Foul Ball, location: 2F 0-1: Fly out, F8 (Line Drive, 8RM, EV 87.5 MPH)
|
|
Batting: RHB Elijah Campbell
|
0-0: Called Strike 0-1: Foul Ball, location: 2F 0-2: Ball 1-2: Foul Ball, location: 2F 1-2: Fly out, F7 (Flyball, 7, EV 91.2 MPH)
|
|
Batting: RHB Hildo Pot
|
0-0: Called Strike 0-1: Swinging Strike 0-2: Foul Ball, location: 2F 0-2: SOLO HOME RUN (Flyball, 89XD, EV 111.2 MPH), Distance : 415 ft
|
|
Batting: SHB Phil Zacharia
|
0-0: Called Strike 0-1: Called Strike 0-2: Strikes out swinging
|
| Top of the 4th over - 1 run, 1 hit, 0 errors, 0 left on base; San Diego 4 - Milwaukee 1 |
| BOTTOM OF THE 4TH |
|
Milwaukee Brewers batting - Pitching for San Diego Padres : LHP Gerardo Amendoeira
|
|
Batting: SHB Lewis Thorpe Jr.
|
0-0: SINGLE (Groundball, 56D, EV 101.9 MPH)
|
|
Batting: SHB Junzo Kato
|
0-0: Swinging Strike 0-1: Called Strike 0-2: Ball 1-2: Ball 2-2: Foul Ball, location: 2F 2-2: Foul Ball, location: 2F 2-2: Foul Ball, location: 2F 2-2: Foul Ball, location: 2F 2-2: Foul Ball, location: 2F 2-2: Ball 3-2: Foul Ball, location: 2F 3-2: Base on Balls Lewis Thorpe Jr. to second
|
|
Batting: RHB Dave Gonzalez
|
0-0: Ball 1-0: Foul Ball, location: 2F 1-1: Swinging Strike 1-2: Foul Ball, location: 2F 1-2: Ball 2-2: Foul Ball, location: 2F 2-2: Strikes out swinging
|
|
Batting: RHB Daniel Donovan
|
0-0: Called Strike 0-1: Ball 1-1: Ball 2-1: Ball 3-1: Base on Balls Lewis Thorpe Jr. to third Junzo Kato to second
|
|
Batting: RHB Ryan Neal
|
0-0: Ball 1-0: Ball 2-0: Ball 3-0: Called Strike 3-1: Base on Balls Lewis Thorpe Jr. scores Junzo Kato to third Daniel Donovan to second
|
|
Batting: RHB Noah Stanley
|
0-0: GRAND SLAM HOME RUN (Flyball, 7D, EV 103.1 MPH), Distance : 384 ft
|
|
Pitching: RHP Nate Mull
|
|
|
Batting: RHB Ben Campbell
|
0-0: Ball 1-0: Swinging Strike 1-1: Ball 2-1: Foul Ball, location: 2F 2-2: Ball 3-2: Foul Ball, location: 2F 3-2: Base on Balls
|
|
Batting: RHB Akitada Nishizawa
|
0-0: Ball 1-0: Ball 2-0: Called Strike 2-1: Swinging Strike 2-2: Foul Ball, location: 2F 2-2: Strikes out swinging
|
|
Batting: RHB Adrian Rudkilde
|
0-0: Ball 1-0: Swinging Strike 1-1: Ball 2-1: Ball 3-1: Base on Balls Ben Campbell to second
|
|
Batting: SHB Lewis Thorpe Jr.
|
0-0: Swinging Strike 0-1: Fly out, F9 (Flyball, 89M, EV 92.5 MPH)
|
| Bottom of the 4th over - 5 runs, 2 hits, 0 errors, 2 left on base; San Diego 4 - Milwaukee 6 |
| TOP OF THE 5TH |
|
San Diego Padres batting - Pitching for Milwaukee Brewers : RHP Travis Southern
|
|
Batting: RHB Manny Vergara
|
0-0: Ball 1-0: Foul Ball, location: 2F 1-1: Ball 2-1: Ball 3-1: DOUBLE (Line Drive, 78D, EV 109.4 MPH)
|
|
Batting: LHB Mike Holt
|
0-0: Foul Ball, location: 2F 0-1: Foul Ball, location: 2F 0-2: Foul Ball, location: 2F 0-2: Ball 1-2: Ball 2-2: Fly out, F8 (Line Drive, 8LM, EV 95.0 MPH)
|
|
Batting: RHB Hugo Bautista
|
0-0: Called Strike 0-1: Ball 1-1: Ball 2-1: Foul Ball, location: 2F 2-2: Ball 3-2: Base on Balls
|
|
Pitching: LHP Jamie Blake
|
|
|
Batting: RHB Luis Torres
|
0-0: Called Strike 0-1: Called Strike 0-2: Ball 1-2: Foul Ball, location: 2F 1-2: Ball 2-2: Strikes out swinging
|
|
Pinch Hitting: RHB Jose Morrissey
|
0-0: Ball 1-0: Ball 2-0: Ball 3-0: Called Strike 3-1: Base on Balls Manny Vergara to third Hugo Bautista to second
|
|
Batting: RHB Kaeo Zirpoli
|
0-0: Ball 1-0: Ball 2-0: Ball 3-0: Called Strike 3-1: Base on Balls Manny Vergara scores Hugo Bautista to third Jose Morrissey to second
|
|
Batting: RHB Elijah Campbell
|
0-0: Foul Ball, location: 2F 0-1: Ball 1-1: Foul Ball, location: 2F 1-2: Ball 2-2: Foul Ball, location: 2F 2-2: Foul Ball, location: 2F 2-2: Ball 3-2: Base on Balls Hugo Bautista scores Jose Morrissey to third Kaeo Zirpoli to second
|
|
Batting: RHB Hildo Pot
|
0-0: Foul Ball, location: 2F 0-1: Ball 1-1: Swinging Strike 1-2: Ball 2-2: Strikes out swinging
|
| Top of the 5th over - 2 runs, 1 hit, 0 errors, 3 left on base; San Diego 6 - Milwaukee 6 |
| BOTTOM OF THE 5TH |
|
Milwaukee Brewers batting - Pitching for San Diego Padres : RHP Nate Mull
|
|
Now at 1B: Jose Morrissey
|
|
|
Batting: SHB Junzo Kato
|
0-0: SINGLE (Groundball, 34D, EV 98.1 MPH)
|
|
Batting: RHB Dave Gonzalez
|
0-0: Ball 1-0: Ball 2-0: Called Strike 2-1: Called Strike 2-2: Ball 3-2: Ground out 4-3 (Groundball, 34, EV 83.8 MPH) Junzo Kato to second
|
|
Batting: RHB Daniel Donovan
|
0-0: Ball 1-0: Called Strike 1-1: Foul Ball, location: 2F 1-2: Strikes out swinging
|
|
Batting: RHB Ryan Neal
|
0-0: Foul Ball, location: 2F 0-1: SINGLE (Line Drive, 8RS, EV 106.2 MPH) Junzo Kato to third Runner from 3rd tries for Home, SAFE, throw by CF to home Ryan Neal to second
|
|
Batting: RHB Noah Stanley
|
0-0: Ball 1-0: Ball 2-0: Ball 3-0: Base on Balls
|
|
Batting: RHB Ben Campbell
|
0-0: Ball 1-0: Ball 2-0: Called Strike 2-1: Called Strike Noah Stanley steals 2nd base (no throw) Ryan Neal steals 3rd base 2-2: Ground out 6-3 (Groundball, 4MS, EV 75.0 MPH)
|
| Bottom of the 5th over - 1 run, 2 hits, 0 errors, 2 left on base; San Diego 6 - Milwaukee 7 |
| TOP OF THE 6TH |
|
San Diego Padres batting - Pitching for Milwaukee Brewers : LHP Jamie Blake
|
|
Batting: SHB Phil Zacharia
|
0-0: SOLO HOME RUN (Flyball, 9D, EV 95.0 MPH), Distance : 386 ft
|
|
Batting: RHB Manny Vergara
|
0-0: Foul Ball, location: 2F 0-1: Ball 1-1: SINGLE (Line Drive, 6MD, EV 104.4 MPH)
|
|
Pitching: RHP Chris Geraci
|
|
|
Batting: LHB Mike Holt
|
0-0: Called Strike 0-1: Foul Ball, location: 2F 0-2: Ball 1-2: Ground out 4-3 (Groundball, 34S, EV 78.8 MPH) Manny Vergara to second
|
|
Batting: RHB Hugo Bautista
|
0-0: Called Strike 0-1: Swinging Strike 0-2: Strikes out swinging
|
|
Batting: RHB Luis Torres
|
0-0: Ball 1-0: Ball 2-0: Foul Ball, location: 2F 2-1: Ball 3-1: Foul Ball, location: 2F 3-2: Base on Balls
|
|
Batting: RHB Jose Morrissey
|
0-0: Called Strike 0-1: Called Strike 0-2: Ball 1-2: Ball 2-2: Strikes out swinging
|
| Top of the 6th over - 1 run, 2 hits, 0 errors, 2 left on base; San Diego 7 - Milwaukee 7 |
| BOTTOM OF THE 6TH |
|
Milwaukee Brewers batting - Pitching for San Diego Padres : RHP Nate Mull
|
|
Pitching: RHP Marshall Barron
|
|
|
Batting: RHB Akitada Nishizawa
|
0-0: Foul Ball, location: 2F 0-1: Foul Ball, location: 2F 0-2: Foul Ball, location: 2F 0-2: Foul Ball, location: 2F 0-2: Ball 1-2: Strikes out swinging
|
|
Batting: RHB Adrian Rudkilde
|
0-0: Fly out, F7 (Line Drive, 78M, EV 108.1 MPH)
|
|
Batting: SHB Lewis Thorpe Jr.
|
0-0: Swinging Strike 0-1: Swinging Strike 0-2: Ball 1-2: Ball 2-2: Strikes out swinging
|
| Bottom of the 6th over - 0 runs, 0 hits, 0 errors, 0 left on base; San Diego 7 - Milwaukee 7 |
| TOP OF THE 7TH |
|
San Diego Padres batting - Pitching for Milwaukee Brewers : RHP Chris Geraci
|
|
Batting: RHB Kaeo Zirpoli
|
0-0: Ball 1-0: Called Strike 1-1: Ball 2-1: Ball 3-1: DOUBLE (Line Drive, 7LS, EV 91.9 MPH)
|
|
Batting: RHB Elijah Campbell
|
0-0: Called Strike 0-1: Called Strike 0-2: Foul Ball, location: 2F 0-2: Strikes out swinging
|
|
Batting: RHB Hildo Pot
|
0-0: Called Strike 0-1: SINGLE (Groundball, 6S, EV 70.0 MPH) (infield hit) Kaeo Zirpoli to third
|
|
Batting: SHB Phil Zacharia
|
0-0: Foul Ball, location: 2F 0-1: SINGLE (Groundball, 56D, EV 103.8 MPH) Kaeo Zirpoli scores Hildo Pot to second
|
|
Batting: RHB Manny Vergara
|
0-0: Ball 1-0: Fielders Choice at 2nd, 3-6 (Groundball, 34, EV 87.5 MPH) Hildo Pot to third
|
|
Batting: LHB Mike Holt
|
0-0: Ball 1-0: Foul Ball, location: 2F 1-1: Foul Ball, location: 2F 1-2: Ball 2-2: Strikes out looking
|
| Top of the 7th over - 1 run, 3 hits, 0 errors, 2 left on base; San Diego 8 - Milwaukee 7 |
| BOTTOM OF THE 7TH |
|
Milwaukee Brewers batting - Pitching for San Diego Padres : RHP Marshall Barron
|
|
Batting: SHB Junzo Kato
|
0-0: Ball 1-0: Ball 2-0: Called Strike 2-1: Ball 3-1: Ground out 4-3 (Groundball, 4, EV 78.1 MPH)
|
|
Batting: RHB Dave Gonzalez
|
0-0: Ball 1-0: Called Strike 1-1: Swinging Strike 1-2: Strikes out swinging
|
|
Batting: RHB Daniel Donovan
|
0-0: Called Strike 0-1: Ball 1-1: Ball 2-1: Foul Ball, location: 2F 2-2: Strikes out swinging
|
| Bottom of the 7th over - 0 runs, 0 hits, 0 errors, 0 left on base; San Diego 8 - Milwaukee 7 |
| TOP OF THE 8TH |
|
San Diego Padres batting - Pitching for Milwaukee Brewers : RHP Chris Geraci
|
|
Pitching: RHP John Owens
|
|
|
Batting: RHB Hugo Bautista
|
0-0: Ball 1-0: Ball 2-0: Foul Ball, location: 2F 2-1: Foul Ball, location: 2F 2-2: Ground out 6-3 (Groundball, 6, EV 82.5 MPH)
|
|
Batting: RHB Luis Torres
|
0-0: Swinging Strike 0-1: Ball 1-1: Foul Ball, location: 2F 1-2: Ball 2-2: Ball 3-2: Strikes out swinging
|
|
Batting: RHB Jose Morrissey
|
0-0: Fly out, F8 (Line Drive, 8LM, EV 106.2 MPH)
|
| Top of the 8th over - 0 runs, 0 hits, 0 errors, 0 left on base; San Diego 8 - Milwaukee 7 |
| BOTTOM OF THE 8TH |
|
Milwaukee Brewers batting - Pitching for San Diego Padres : RHP Marshall Barron
|
|
Pitching: RHP Arturo Diaz
|
|
|
Batting: RHB Ryan Neal
|
0-0: Hit by Pitch
|
|
Pinch Hitting: SHB Pat Wilson
|
0-0: Reached on error, E3 (Groundball, 3L, EV 100.0 MPH) Ryan Neal to second
|
|
Batting: RHB Ben Campbell
|
0-0: Fly out, F8 (Flyball, 8RD, EV 80.6 MPH)
|
|
Batting: RHB Akitada Nishizawa
|
0-0: Called Strike 0-1: Hit by Pitch Ryan Neal to third Pat Wilson to second
|
|
Batting: RHB Adrian Rudkilde
|
0-0: Ball 1-0: Ball 2-0: Fly out, F8 (Flyball, 8RM, EV 90.0 MPH)
|
|
Batting: SHB Lewis Thorpe Jr.
|
0-0: Ball 1-0: Swinging Strike 1-1: Ball 2-1: Ball 3-1: Called Strike 3-2: Foul Ball, location: 2F 3-2: Base on Balls Ryan Neal scores Pat Wilson to third Akitada Nishizawa to second
|
|
Batting: SHB Junzo Kato
|
0-0: SINGLE (Groundball, 56D, EV 95.0 MPH) Pat Wilson scores Akitada Nishizawa to third Lewis Thorpe Jr. to second Runner from 3rd tries for Home, SAFE, throw by LF to home
|
|
Batting: RHB Dave Gonzalez
|
0-0: Ball 1-0: Called Strike 1-1: Ground out U3 (Groundball, 34S, EV 85.0 MPH)
|
| Bottom of the 8th over - 3 runs, 1 hit, 1 error, 2 left on base; San Diego 8 - Milwaukee 10 |
| TOP OF THE 9TH |
|
San Diego Padres batting - Pitching for Milwaukee Brewers : RHP John Owens
|
|
Pitching: RHP Mekonen Mahfudh
|
|
|
Now at SS: Kisho Ito
|
|
|
Batting: RHB Kaeo Zirpoli
|
0-0: Called Strike 0-1: DOUBLE (Groundball, 5L, EV 108.8 MPH)
|
|
Batting: RHB Elijah Campbell
|
0-0: Called Strike 0-1: Ball 1-1: Foul Ball, location: 2F 1-2: Ball 2-2: Ball 3-2: Foul Ball, location: 2F 3-2: Strikes out swinging, 2-3 out at first.
|
|
Batting: RHB Hildo Pot
|
0-0: Called Strike 0-1: Ball 1-1: Ball 2-1: Foul Ball, location: 2F 2-2: Ground out U3 (Groundball, 34, EV 88.8 MPH) Kaeo Zirpoli to third
|
|
Batting: SHB Phil Zacharia
|
0-0: Called Strike 0-1: Ground out 5-3 (Groundball, 56, EV 104.4 MPH)
|
| Top of the 9th over - 0 runs, 1 hit, 0 errors, 1 left on base; San Diego 8 - Milwaukee 10 |
|